 Dungeon Crawl Stone Soup version 0.17.0-27-g4a3f43e (webtiles) character file.

457 Rationalist the Shield-Bearer (level 7, -7/55 HPs)
             Began as a Formicid Fighter on Nov 21, 2015.
             Mangled by Prince Ribbit (15 damage)
             ... on level 5 of the Dungeon.
             The game lasted 00:08:11 (3948 turns).

Rationalist the Shield-Bearer (Formicid Fighter)    Turns: 3948, Time: 00:08:11

Health: -7/55      AC:  7    Str: 26    XL:     7   Next: 27%
Magic:  7/7        EV: 10    Int:  7    God:
Gold:   307        SH: 11    Dex: 12    Spells: 0 memorised, 6 levels left

rFire  + . .     SeeInvis +     o - +1 hand axe (chop)
rCold  . . .     Clarity  .     b - +0 scale mail
rNeg   . . .     SustAt   .     c - +0 shield
rPois  .         Gourm    .     (helmet unavailable)
rElec  .         Spirit   .     (no cloak)
rCorr  .         Warding  .     (no gloves)
rMut   .         Stasis   +     (no boots)
MR     .....                    (no amulet)
Stlth  ..........               (no ring)
                                h - ring of protection from fire

@: mighty, not resistant to hostile enchantments, extremely unstealthy
A: permanent stasis, dig shafts and tunnels, four strong arms, antennae 3
a: Dig, Shaft Self


You were on level 5 of the Dungeon.
You were not hungry.

You visited 1 branch of the dungeon, and saw 5 of its levels.

You collected 307 gold pieces.

Inventory:

Hand Weapons
 o - a +1 hand axe of chopping (weapon)
 r - the +3 dagger of the Sugar Beet {freeze, rPois rN+, unknown}
   (You found it on level 5 of the Dungeon)

   It has been specially enchanted to freeze those struck by it, causing extra
   injury to most foes and up to half again as much damage against particularly
   susceptible opponents.
   It can also slow down cold-blooded creatures.
   It protects you from poison.
   It protects you from negative energy.
Missiles
 f - 37 sling bullets
 g - 21 poisoned needles
 n - 5 exploding sling bullets
Armour
 b - a +0 scale mail (worn)
 c - a +0 shield (worn)
Jewellery
 h - a ring of protection from fire (left hand)
Scrolls
 k - a scroll of magic mapping
 v - a scroll of fear
 x - a scroll of blinking {unknown}
Potions
 a - 2 potions of brilliance {unknown}
 d - a potion of might
 j - a potion of cancellation
 l - a potion of curing
 p - 2 potions of cure mutation {unknown}
 q - a potion of degeneration {unknown}
 s - a potion of flight {unknown}
 t - 2 potions of haste
 u - a potion of resistance {unknown}
 w - a potion of magic
 z - a potion of poison {unknown}
 A - a potion of invisibility {unknown}
Comestibles
 e - 3 bread rations
 i - 3 beef jerkies
 m - 3 meat rations
 B - 4 chunks of flesh
 C - a royal jelly


   Skills:
 + Level 4.6 Fighting
 + Level 3.1 Axes
 + Level 5.0 Armour
 + Level 2.3 Dodging
 + Level 0.3 Stealth
 + Level 5.6 Shields


You had 6 spell levels left.
You didn't know any spells.

Dungeon Overview and Level Annotations

Branches:
Dungeon (5/15)
 Temple: D:4-7

Altars:
Ashenzari
Ru
Zin
The Shining One

Annotations:
D:5 Prince Ribbit


Innate Abilities, Weirdness & Mutations

You are under a permanent stasis effect.
You can dig through walls and to a lower floor.
Your four strong arms can wield two-handed weapons with a shield.
You have a pair of large antennae on your head (SInv).


Message History

* * * LOW HITPOINT WARNING * * *
You block the crimson imp's attack.
You closely miss Prince Ribbit.
Prince Ribbit is heavily wounded.
You barely miss the crimson imp.
Prince Ribbit hits you but does no damage.
The crimson imp closely misses you.
Prince Ribbit sighs, "It's not easy being green!"
Prince Ribbit hits you.
* * * LOW HITPOINT WARNING * * *
You miss Prince Ribbit.
Prince Ribbit is heavily wounded.
Your scale mail prevents you from hitting the crimson imp.
Prince Ribbit blinks!
You block the crimson imp's attack.
Unknown command.
You slash the crimson imp!
The crimson imp is almost dead.
The crimson imp blinks!
Prince Ribbit hits you!
You die...

...............(
...####........# ##
..)......#..#.# ....
....###.....#.#######.....
....###..##..............#
..........................
.....####.####............
.....##.....##.F..........
.....#.......#..@.........
.....#.......#.5#...>.....
.##......_.........ยง.#...
.##..#.......#.#....##
..#..#.......#.#.##.#
.....##.....##...# .#
.....####.####...# .#
.................# .#
...#..#.#.#...<#.##.#


You could see Prince Ribbit and a crimson imp.

Vanquished Creatures
  A phantom (D:4)
  A scorpion (D:4)
  2 hounds (D:5)
  Jessica (D:3)
  A worker ant (D:4)
  A hound skeleton (D:4)
  4 gnolls (D:3)
  6 adders
  3 oozes
  4 worms
  4 giant geckos
  9 orcs
  6 bats
  4 giant cockroaches
  10 hobgoblins
  9 kobolds
  A quokka (D:4)
  3 giant newts
  8 goblins
  8 jackals
  9 rats
95 creatures vanquished.

Notes
Turn   | Place    | Note
--------------------------------------------------------------
     0 | D:1      | Rationalist the Formicid Fighter began the quest for the Orb.
     0 | D:1      | Reached XP level 1. HP: 18/18 MP: 1/1
   142 | D:1      | Reached XP level 2. HP: 24/24 MP: 2/2
   287 | D:1      | Reached skill level 4 in Shields
   293 | D:1      | Reached XP level 3. HP: 25/30 MP: 3/3
  1005 | D:2      | Reached XP level 4. HP: 35/37 MP: 4/4
  1239 | D:2      | Reached skill level 1 in Dodging
  1254 | D:2      | Found a glowing golden altar of the Shining One.
  1600 | D:3      | Noticed Jessica
  1611 | D:3      | Killed Jessica
  1628 | D:3      | Reached XP level 5. HP: 29/42 MP: 5/5
  1900 | D:3      | Reached skill level 5 in Shields
  2567 | D:4      | Reached XP level 6. HP: 48/48 MP: 6/6
  2583 | D:4      | Found a shattered altar of Ashenzari.
  2954 | D:4      | Noticed a phantom
  2984 | D:4      | Killed a phantom
  3485 | D:4      | Reached XP level 7. HP: 50/55 MP: 7/7
  3721 | D:5      | Entered Level 5 of the Dungeon
  3724 | D:5      | Found a sacrificial altar of Ru.
  3731 | D:5      | Got a faintly glowing dagger
  3794 | D:5      | Reached skill level 5 in Armour
  3844 | D:5      | Found a glowing silver altar of Zin.
  3875 | D:5      | Noticed Prince Ribbit
  3948 | D:5      | Mangled by Prince Ribbit

Action                   |  1- 3 |  4- 6 |  7- 9 || total
-------------------------+-------+-------+-------++-------
Melee: War axe           |    71 |       |       ||    71
       Hand axe          |    27 |   200 |    76 ||   303
 Abil: Dig               |       |     1 |       ||     1
  Use: Scroll            |       |     3 |       ||     3
       Potion            |       |       |     3 ||     3
  Eat: Chunk             |       |     8 |     2 ||    10
